 Dungeon Crawl Stone Soup version 0.29-a0-962-gc8bbfd0a37 (webtiles) character file.

Game seed: 14637787430564989861

11716 reriks the Slicer (level 11, -7/84 HPs)
             Began as a Gnoll Wanderer on July 30, 2022.
             Was a High Priest of the Shining One.
             Mangled by an orc warrior
             ... wielding a +0 dire flail
              (15 damage)
             ... on level 1 of the Orcish Mines.
             The game lasted 00:26:42 (16182 turns).

reriks the Slicer (Gnoll Wanderer)                 Turns: 16182, Time: 00:26:42

Health: -7/84      AC: 30    Str:  8    XL:     11   Next: 82%
Magic:  21/21      EV:  2    Int: 12    God:    the Shining One [*****.]
Gold:   1583       SH:  0    Dex: 19    Spells: 20/23 levels left

rFire   . . .      SeeInvis .   a - +9 dagger "Ellesueb" {protect, Stlth+}
rCold   . . .      Faith    .   (no shield)
rNeg    + + .      Spirit   .   x - +1 plate armour {Will+}
rPois   +          Reflect  .   (no helmet)
rElec   .          Harm     .   m - +2 cloak
rCorr   .          Rampage  .   D - +1 pair of gloves
Will    +....                   r - +2 pair of boots {Fly}
Stlth   ..........              (no amulet)
HPRegen 0.24/turn               p - ring of poison resistance
MPRegen 0.17/turn               (no ring)

@: under a protective aura, flying, glowing
A: fangs 1, strong nose, distributed training
a: Renounce Religion, Divine Shield, Cleansing Flame, Summon Divine Warrior


You were on level 1 of the Orcish Mines.
You worshipped the Shining One.
The Shining One was extremely pleased with you.
You visited 2 branches of the dungeon, and saw 11 of its levels.

You collected 1583 gold pieces.

Inventory:

Hand Weapons
 a - the +9 dagger "Ellesueb" (weapon) {protect, Stlth+}
   (You found it on level 2 of the Dungeon)

   It grants its wielder temporary protection when it strikes (+7 to AC).
   Stlth:     It makes you more stealthy.
 b - a +5 shortbow
 q - a +2 antimagic trident
 G - the +0 spear of Efapolon {vorpal, rElec Int-5 Dex+2}
   (You found it on level 2 of the Dungeon)

   It inflicts extra damage upon your enemies.
   Int:       It affects your intelligence (-5).
   Dex:       It affects your dexterity (+2).
   rElec:     It insulates you from electricity.
Missiles
 n - 17 poisoned darts (quivered)
Armour
 c - +0 acid dragon scales
 j - a +2 ring mail of cold resistance
 m - a +2 cloak (worn)
 r - a +2 pair of boots of flying (worn)
 x - a +1 plate armour of willpower (worn)
 A - the +1 ring mail of the Garden {-Tele rC+++ Dex+6}
   (You took it off a gnoll bouda on level 8 of the Dungeon)

   Dex:       It affects your dexterity (+6).
   rC:        It renders you almost immune to cold.
   -Tele:     It prevents most forms of teleportation.
 D - a +1 pair of gloves (worn)
Magical Staves
 i - a staff of earth
Jewellery
 e - a ring of ice
 p - a ring of poison resistance (left hand)
Wands
 C - a wand of charming (6)
 F - a wand of roots (4)
Scrolls
 d - 2 scrolls of teleportation
 g - 2 scrolls of summoning
 k - 3 scrolls of noise
 s - a scroll of magic mapping
 v - 2 scrolls of immolation
 H - 2 scrolls of identify
Potions
 h - 2 potions of cancellation
 o - 2 potions of resistance
 t - a potion of flight
 u - 2 potions of heal wounds {unknown}
 w - a potion of might {unknown}
 z - 4 potions of curing {unknown}
 B - a potion of haste {unknown}


   Skills:
 + Level 7.4 Fighting
 + Level 11.0 Short Blades
 + Level 8.4 Long Blades
 + Level 6.9 Axes
 + Level 6.9 Maces & Flails
 + Level 6.9 Polearms
 + Level 6.9 Staves
 + Level 6.9 Ranged Weapons
 + Level 6.9 Throwing
 + Level 6.9 Armour
 + Level 8.4 Dodging
 + Level 6.9 Stealth
 + Level 6.9 Shields
 + Level 6.9 Unarmed Combat
 + Level 6.9 Spellcasting
 + Level 5.7 Conjurations
 + Level 5.7 Hexes
 + Level 5.7 Summonings
 + Level 5.7 Necromancy
 + Level 5.7 Translocations
 + Level 5.7 Transmutations
 + Level 5.7 Fire Magic
 + Level 5.7 Ice Magic
 + Level 5.7 Air Magic
 + Level 5.7 Earth Magic
 + Level 5.7 Poison Magic
 + Level 7.5 Invocations
 + Level 7.4 Evocations


You had 20 spell levels left.
You knew the following spells:

 Your Spells              Type           Power      Damage    Failure   Level
a - Blink                 Tloc           34%        N/A       100%        2
b - Foxfire               Conj/Fire      68%        2x1d7     100%        1

Your spell library contained the following spells:

 Spells                   Type           Power      Damage    Failure   Level
 Sublimation of Blood     Necr           17%        N/A       100%        2
 Confusing Touch          Hex            17%        N/A       100%        3
 Conjure Flame            Conj/Fire      17%        6-21      100%        3
 Ignite Poison            Fire/Tmut/Pois 17%        N/A       100%        3
 Inner Flame              Hex/Fire       17%        N/A       100%        3
 Lesser Beckoning         Tloc           17%        N/A       100%        3
 Portal Projectile        Hex/Tloc       34%        N/A       100%        3
 Teleport Other           Tloc           17%        N/A       100%        3
 Tukima's Dance           Hex            17%        N/A       100%        3
 Flame Wave               Conj/Fire      17%        2d7       100%        4
 Petrify                  Tmut/Erth      17%        N/A       100%        4
 Alistair's Intoxication  Tmut/Pois      11%        N/A       100%        5
 Blade Hands              Tmut           8%         N/A       100%        5
 Irradiate                Conj/Tmut      8%         3d14      100%        5
 Manifold Assault         Tloc           17%        N/A       100%        5
 Yara's Violent Unravell  Hex/Tmut       8%         3d5       100%        5
 Enfeeble                 Hex            8%         N/A       100%        7


Dungeon Overview and Level Annotations

Branches:
Dungeon (9/15)             Temple (0/1) D:7            Lair (0/5) D:9
    Orc (2/2) D:9
    Elf: Orc:2

Altars:
Ashenzari
Gozag
Makhleb
Okawaru
Qazlal
Ru
Wu Jian
Zin
The Shining One


Innate Abilities, Weirdness & Mutations

You have very sharp teeth.
Your uncanny sense of smell can sniff out nearby items.
Your experience applies equally to all skills.


Message History

You bite the orc warrior, but do no damage.
The orc warrior is severely wounded.
You hit the orc warrior but do no damage.
The orc warrior is severely wounded.
The orc warrior hits you with a +0 dire flail!
* * * LOW HITPOINT WARNING * * *
You hit the orc warrior but do no damage.
You punch the orc warrior.
The orc warrior is severely wounded.
You hit the orc warrior but do no damage.
The orc warrior is severely wounded.
The orc warrior hits you but does no damage.
You barely miss the orc warrior.
You punch the orc warrior, but do no damage.
You bite the orc warrior, but do no damage.
The orc warrior is severely wounded.
Okay, then.
Unknown command.
You hit the orc warrior.
The orc warrior is almost dead.
The orc warrior hits you with a +0 dire flail.
* * * LOW HITPOINT WARNING * * *
You hit the orc warrior.
You bite the orc warrior, but do no damage.
The orc warrior is almost dead.
You hit the orc warrior but do no damage.
The orc warrior is almost dead.
The orc warrior hits you but does no damage.
You hit the orc warrior but do no damage.
The orc warrior is almost dead.
You hit the orc warrior.
The orc warrior is almost dead.
The orc warrior hits you but does no damage.
You hit the orc warrior.
You bite the orc warrior, but do no damage.
The orc warrior is almost dead.
You hit the orc warrior but do no damage.
The orc warrior is almost dead.
The orc warrior hits you with a +0 dire flail!
You die...

...)........##.............###
#.)#..#..8..#...........#.##.##
............#........#........#
............#.....#.#.....##.##
#############.......[......###
### ##.#.#...........## ##.##
#...............## ## ....#
##...............# ##. ....#####
##....@<........### #..
.#.##.#.## ###.#o...........####.
#)##.....### ##.....#.#......##..
......#.##.## #.......#......#...
..##.#.##...####.##....#....#.#..
..#.....##...###[###.............
.#.....##..).[.[).#....#......##.
........#..[.....###..#........##
...........###....####..........#


You could see an orc warrior (strong).

Vanquished Creatures
  An ettin (Orc:1)
  Fannar (Orc:1)
  An orc high priest (Orc:1)
  2 orc sorcerers
  A kobold demonologist (D:8)
  3 trolls
  A hornet (D:8)
  Sigmund (D:3)
  9 yaks
  A shadow (D:9)
  A steam dragon (D:8)
  3 wargs (Orc:1)
  A water moccasin (D:7)
  2 acid dragons
  3 ice beasts
  14 orc warriors
  A sky beast (D:8)
  7 ogres
  2 centaurs (D:7)
  6 phantoms
  A kobold brigand (D:7)
  A necrophage (D:7)
  4 bullfrogs (D:7)
  4 scorpions
  A troll zombie (D:9)
  16 killer bees
  2 jellies
  3 hounds
  A gnoll bouda (D:8)
  14 orc priests
  Crazy Yiuf (D:7)
  Terence (D:3)
  An iguana (D:6)
  15 orc wizards
  7 ogre zombies (D:9)
  7 adders
  7 gnolls
  2 shadow imps
  3 white imps
  An ufetubus (D:7)
  A worm (D:4)
  A dart slug (D:1)
  54 orcs
  11 endoplasms
  4 giant cockroaches
  4 goblins
  6 hobgoblins
  2 jackals (D:4)
  2 quokkas
  4 ball pythons
  4 bats
  5 frilled lizards
  A goblin skeleton (D:9)
  6 goblin zombies (D:9)
  A hobgoblin skeleton (D:9)
  5 hobgoblin zombies (D:9)
  9 kobolds
  2 orc skeletons (D:9)
  10 orc zombies (D:9)
  8 rats
293 creatures vanquished.

Vanquished Creatures (others)
  An orc priest (Orc:1)
  A fungus (D:9)
  3 plants
5 creatures vanquished.

Grand Total: 298 creatures vanquished

Notes
Turn   | Place    | Note
-------+----------+-------------------------------------------
     0 | D:1      | reriks the Gnoll Wanderer began the quest for the Orb.
     0 | D:1      | reriks set off with the following items: a +0 rapier, a +0
                  | falchion, a +0 cloak, a scroll of teleportation, a +0 robe.
     0 | D:1      | Reached XP level 1. HP: 17/17 MP: 1/1
     6 | D:1      | Got the Dissertation on the Variable Wayfarer
   150 | D:1      | Reached XP level 2. HP: 20/23 MP: 2/2
   185 | D:1      | Found a faded altar of an unknown god.
   217 | D:1      | Prayed at the altar of an unknown god.
   217 | D:1      | Became a worshipper of the Shining One
   217 | D:1      | Reached * piety under the Shining One
   801 | D:1      | Reached XP level 3. HP: 28/28 MP: 3/3
  1187 | D:2      | Identified the +9 dagger "Ellesueb" {protect, Stlth+}
  1447 | D:2      | Reached skill level 1 in Invocations
  1489 | D:2      | Identified the +0 spear of Efapolon {vorpal, rElec Int-5
                  | Dex+2}
  1747 | D:2      | Reached skill level 1 in Axes
  1747 | D:2      | Reached skill level 1 in Maces & Flails
  1747 | D:2      | Reached skill level 1 in Polearms
  1747 | D:2      | Reached skill level 1 in Staves
  1747 | D:2      | Reached skill level 1 in Ranged Weapons
  1747 | D:2      | Reached skill level 1 in Throwing
  1747 | D:2      | Reached skill level 1 in Armour
  1747 | D:2      | Reached skill level 1 in Stealth
  1747 | D:2      | Reached skill level 1 in Shields
  1747 | D:2      | Reached skill level 1 in Unarmed Combat
  1747 | D:2      | Reached skill level 1 in Spellcasting
  2119 | D:3      | Reached skill level 1 in Conjurations
  2119 | D:3      | Reached skill level 1 in Hexes
  2119 | D:3      | Reached skill level 1 in Summonings
  2119 | D:3      | Reached skill level 1 in Necromancy
  2119 | D:3      | Reached skill level 1 in Translocations
  2119 | D:3      | Reached skill level 1 in Transmutations
  2119 | D:3      | Reached skill level 1 in Fire Magic
  2119 | D:3      | Reached skill level 1 in Ice Magic
  2119 | D:3      | Reached skill level 1 in Air Magic
  2119 | D:3      | Reached skill level 1 in Earth Magic
  2119 | D:3      | Reached skill level 1 in Poison Magic
  2119 | D:3      | Reached XP level 4. HP: 33/34 MP: 5/5
  2558 | D:3      | Noticed Sigmund
  2558 | D:3      | Noticed Terence
  2566 | D:3      | Killed Sigmund
  2567 | D:3      | Reached skill level 5 in Long Blades
  2567 | D:3      | Reached skill level 5 in Dodging
  2567 | D:3      | Reached XP level 5. HP: 38/41 MP: 5/8
  2567 | D:3      | Reached XP level 6. HP: 43/47 MP: 5/9
  2572 | D:3      | Killed Terence
  2991 | D:3      | Found Xiosymur's Magic Scroll Shop.
  3471 | D:4      | Found a sacrificial altar of Ru.
  3609 | D:4      | Found a broken altar of Ashenzari.
  3875 | D:4      | Found an opulent altar of Gozag.
  3875 | D:4      | Found a stormy altar of Qazlal.
  3906 | D:4      | Reached XP level 7. HP: 49/52 MP: 10/10
  4131 | D:5      | Entered Level 5 of the Dungeon
  4429 | D:5      | Reached skill level 9 in Short Blades
  4549 | D:5      | Reached XP level 8. HP: 58/60 MP: 12/12
  4580 | D:5      | Reached ** piety under the Shining One
  5262 | D:5      | Learned a level 2 spell: Blink
  6053 | D:6      | Found a burning altar of Makhleb.
  6639 | D:6      | Found a glowing golden altar of the Shining One.
  6707 | D:7      | Reached XP level 9. HP: 65/66 MP: 14/14
  6822 | D:7      | Found an ornate altar of the Wu Jian Council.
  6908 | D:7      | Reached skill level 5 in Fighting
  6908 | D:7      | Reached skill level 5 in Evocations
  7232 | D:7      | Noticed a troll
  7416 | D:7      | Found a runed translucent door.
  7417 | D:7      | Noticed Crazy Yiuf
  7574 | D:7      | Reached skill level 5 in Invocations
  7682 | D:7      | Found a staircase to the Ecumenical Temple.
  7822 | D:7      | Killed Crazy Yiuf
  7844 | D:7      | Learned a level 1 spell: Foxfire
  8178 | D:8      | Found a glowing silver altar of Zin.
  8327 | D:8      | Noticed a kobold demonologist
  8369 | D:8      | Killed a kobold demonologist
  8370 | D:8      | Reached skill level 5 in Axes
  8370 | D:8      | Reached skill level 5 in Maces & Flails
  8370 | D:8      | Reached skill level 5 in Polearms
  8370 | D:8      | Reached skill level 5 in Staves
  8370 | D:8      | Reached skill level 5 in Ranged Weapons
  8370 | D:8      | Reached skill level 5 in Throwing
  8370 | D:8      | Reached skill level 5 in Armour
  8370 | D:8      | Reached skill level 5 in Stealth
  8370 | D:8      | Reached skill level 5 in Shields
  8370 | D:8      | Reached skill level 5 in Unarmed Combat
  8370 | D:8      | Reached skill level 5 in Spellcasting
  8370 | D:8      | Reached XP level 10. HP: 48/76 MP: 17/17
  8402 | D:8      | Reached skill level 10 in Short Blades
  9005 | D:8      | Found an iron altar of Okawaru.
  9066 | D:8      | Identified the +1 ring mail of the Garden {-Tele rC+++
                  | Dex+6}
  9083 | D:8      | Reached *** piety under the Shining One
 11386 | D:9      | Reached **** piety under the Shining One
 12027 | D:9      | Reached skill level 5 in Conjurations
 12027 | D:9      | Reached skill level 5 in Hexes
 12027 | D:9      | Reached skill level 5 in Summonings
 12027 | D:9      | Reached skill level 5 in Necromancy
 12027 | D:9      | Reached skill level 5 in Translocations
 12027 | D:9      | Reached skill level 5 in Transmutations
 12027 | D:9      | Reached skill level 5 in Fire Magic
 12027 | D:9      | Reached skill level 5 in Ice Magic
 12027 | D:9      | Reached skill level 5 in Air Magic
 12027 | D:9      | Reached skill level 5 in Earth Magic
 12027 | D:9      | Reached skill level 5 in Poison Magic
 12035 | D:9      | Reached XP level 11. HP: 83/83 MP: 20/20
 12069 | D:9      | Reached ***** piety under the Shining One
 12140 | D:9      | Found a staircase to the Lair.
 12340 | D:9      | Found a staircase to the Orcish Mines.
 13039 | Orc:1    | Entered Level 1 of the Orcish Mines
 15052 | Orc:1    | Noticed an ettin
 15065 | Orc:1    | Killed an ettin
 15350 | Orc:1    | Noticed an orc sorcerer
 15355 | Orc:1    | Noticed Fannar
 15374 | Orc:1    | Noticed an orc high priest
 15392 | Orc:1    | Killed an orc high priest
 15752 | Orc:1    | Killed Fannar
 15858 | Orc:1    | Killed an orc sorcerer
 16126 | Orc:2    | Entered Level 2 of the Orcish Mines
 16139 | Orc:2    | Noticed an orc sorcerer
 16154 | Orc:2    | Noticed an orc warlord
 16163 | Orc:2    | Killed an orc sorcerer
 16164 | Orc:2    | Reached skill level 11 in Short Blades
 16182 | Orc:1    | Mangled by an orc warrior

Illustrated notes

Levels and vault maps discovered:
D:1:      lightli_arrival_noodles, layout_basic, ebering_ecumenical_altar_ruins,
          grunt_decor_resistance, chequers_serial_rivers_micro_a, st_stairs_6
D:2:      layout_basic
D:3:      cheibrodos_old_hovel, layout_loops_cross, serial_shops, shop,
          hex_medium, serial_park_tiny_pond, reono_crystal_passage,
          uniq_sigmund, uniq_terence
D:4:      layout_loops_corners, nicolae_ru_sacrificial_ziggurat,
          ashenzari_conservatory_becter, gammafunk_temple_overflow_statue
D:5:      layout_basic
D:6:      layout_loops_corners, tso_oasis_becter, lemuel_doored_altar
D:7:      minmay_polygon_palace, layout_rooms, old_standard_altar,
          minmay_temple_entry_proselytizer, uniq_crazy_yiuf_cottage
D:8:      layout_gridville, zin_academy, okawaru_metal_pillars_3
D:9:      layout_rooms, dpeg_oklobed_lair, zombieorc2_lemuel
Orc:1:    layout_caves, minmay_orc_temple_c, uniq_fannar
Orc:2:    grunt_orc_cross, layout_caves, uniq_josephine

Skill      XL: |  1  2  3  4  5  6  7  8  9 10 11 |
---------------+----------------------------------+-----
Invocations    | 1 2 3 4 5 6 7 |  7.5
Axes           | 1 2 3 5 6 |  6.9
Maces & Flails | 1 2 3 5 6 |  6.9
Polearms       | 1 2 3 5 6 |  6.9
Staves         | 1 2 3 5 6 |  6.9
Ranged Weapons | 1 2 3 5 6 |  6.9
Throwing       | 1 2 3 5 6 |  6.9
Armour         | 1 2 3 5 6 |  6.9
Stealth        | 1 2 3 5 6 |  6.9
Shields        | 1 2 3 5 6 |  6.9
Unarmed Combat | 1 2 3 5 6 |  6.9
Spellcasting   | 1 2 3 5 6 |  6.9
Conjurations   | 1 2 3 4 5 |  5.7
Hexes          | 1 2 3 4 5 |  5.7
Summonings     | 1 2 3 4 5 |  5.7
Necromancy     | 1 2 3 4 5 |  5.7
Translocations | 1 2 3 4 5 |  5.7
Transmutations | 1 2 3 4 5 |  5.7
Fire Magic     | 1 2 3 4 5 |  5.7
Ice Magic      | 1 2 3 4 5 |  5.7
Air Magic      | 1 2 3 4 5 |  5.7
Earth Magic    | 1 2 3 4 5 |  5.7
Poison Magic   | 1 2 3 4 5 |  5.7
Fighting       | 3 4 5 6 7 |  7.4
Long Blades    | 5 6 7 8 |  8.4
Dodging        | 5 6 7 8 |  8.4
Evocations     | 3 4 5 6 7 |  7.4
Short Blades   | 9 10 11 | 11.0

Action                   |  1- 3 |  4- 6 |  7- 9 | 10-12 || total
-------------------------+-------+-------+-------+-------++-------
Melee: Rapier            |    57 |       |       |       ||    57
       Bite              |     7 |     6 |    42 |   154 ||   209
       Dagger            |    20 |    92 |   299 |   789 ||  1200
       Short sword       |     6 |       |       |       ||     6
       Punch             |       |       |     7 |    55 ||    62
 Fire: Shortbow          |       |       |     5 |     3 ||     8
Throw: Dart              |       |       |     2 |    16 ||    18
Invok: Divine Shield     |       |       |       |     2 ||     2
Evoke: Wand              |       |       |     2 |       ||     2
  Use: Scroll            |       |     4 |     8 |     4 ||    16
Armor: Robe              |     2 |       |       |       ||     2
       Leather armour    |    13 |     8 |       |       ||    21
       Ring mail         |       |    15 |    69 |    17 ||   101
       Plate armour      |       |       |       |   503 ||   503
       Acid dragon scale |       |       |       |     3 ||     3
Dodge: Dodged            |    41 |    28 |   125 |    88 ||   282
Block: Other             |       |       |       |     6 ||     6

Table legend: (Time is in decaauts)
 A = Elapsed time spent in this place.
 B = Non-inter-level travel time spent in this place.
 C = Inter-level travel time spent in this place.
 D = Time resting spent in this place.
 E = Time spent auto-exploring this place.
 F = Levels seen in this place.
 G = Mean time per level.
                   A        B        C        D        E       F      G
               +--------+--------+--------+--------+--------+-----+--------+
         Total |  15619 |  14568 |   1051 |   6506 |   5858 |  11 | 1419.9 |
       Dungeon |  13271 |  12268 |   1003 |   4970 |   5519 |   9 | 1474.6 |
  Orcish Mines |   2348 |   2300 |     48 |   1535 |    339 |   2 | 1174.0 |
               +--------+--------+--------+--------+--------+-----+--------+

Top non-repeatable levels by time:
     D:8: 2760 daAuts
   Orc:1: 2317 daAuts
     D:7: 2210 daAuts
     D:6: 1538 daAuts
     D:9: 1252 daAuts
     D:5: 1245 daAuts
     D:1: 1093 daAuts
     D:2: 1075 daAuts
     D:4: 1050 daAuts
     D:3: 1044 daAuts
   Orc:2: 30 daAuts
